 Dungeon Crawl Stone Soup version 0.29.0-4-gdea44cf6ec (webtiles) character file.

Game seed: 3699529222408175010

5952 qw the Cleaver (level 10, 0/66 HPs)
             Began as a Gargoyle Fighter on Sept 10, 2022.
             Was a Believer of Okawaru.
             Slain by a slime creature (8 damage)
             ... in a Gauntlet.
             The game lasted 00:03:37 (9690 turns).

qw the Cleaver (Gargoyle Fighter)                   Turns: 9690, Time: 00:03:37

Health: 0/66       AC: 24    Str: 24    XL:     10   Next: 84%
Magic:  13/13      EV: 10    Int:  9    God:    Okawaru [**....]
Gold:   349        SH:  6    Dex:  9    Spells: 9/9 levels left

rFire   . . .      SeeInvis .   Y - +6 war axe
rCold   + . .      Faith    .   c - +0 buckler
rNeg    + . .      Spirit   .   h - +0 chain mail
rPois   inf        Reflect  .   (no helmet)
rElec   +          Harm     .   (no cloak)
rCorr   .          Rampage  .   k - +0 pair of gloves
Will    .....      NoTele   +   (no boots)
Stlth   ..........              q - amulet of Vitality {RegenMP++ Regen++}
HPRegen 1.81/turn               j - ring of protection from cold
MPRegen 0.93/turn               f - +4 ring of protection

@: heroic
A: sickness immunity, AC +7, negative energy resistance 1, electricity
resistance, torment resistance 1, petrification resistance
a: Renounce Religion, Heroism


You were in a Gauntlet.
You worshipped Okawaru.
Okawaru was pleased with you.
You visited 2 branches of the dungeon, and saw 11 of its levels.
You also visited: Gauntlet.

You collected 511 gold pieces.
You spent 162 gold pieces at shops.


Innate Abilities, Weirdness & Mutations

You are immune to sickness and miasma.
Your stone body is resilient. (AC +7)
You are immune to poison.
You resist negative energy. (rN+)
You are resistant to electric shocks. (rElec)
You are resistant to unholy torment.
You are immune to petrification.


   Skills:
 - Level 9.2(14.2) Fighting
 - Level 11.0(16.0) Axes
 - Level 2.1(7.1) Throwing
 - Level 5.0(10.0) Armour
 + Level 1.7(6.7) Dodging
 - Level 5.1(10.1) Shields
 - Level 4.1 Invocations


You had 9 spell levels left.
You didn't know any spells.
Your spell library was empty.

Inventory:

Hand Weapons
 o - a +0 flail
 Y - a +6 war axe (weapon)
Missiles
 m - 3 boomerangs (quivered)
Armour
 c - a +0 buckler (worn)
 h - a +0 chain mail (worn)
 k - a +0 pair of gloves (worn)
Jewellery
 f - a +4 ring of protection (right hand)
 j - a ring of protection from cold (left hand)
 p - a +6 ring of dexterity
 q - the amulet of Vitality (around neck) {RegenMP++ Regen++}
   (You found it in a Gauntlet)

   [amulet of magic regeneration]

   It increases your rate of magic regeneration.
   Regen:     It increases your rate of health regeneration.
 v - a ring of protection from fire
Scrolls
 e - a scroll of identify
Potions
 a - a potion of lignification
 b - 2 potions of attraction
 d - a potion of might
 g - a potion of haste
 i - 4 potions of curing
 l - a potion of cancellation
 n - 2 potions of resistance
 r - 4 potions of heal wounds

Dungeon Overview and Level Annotations

Branches:
Dungeon (11/15)            Temple (1/1) D:7         Gauntlet (1/1)
   Lair: D:8-11         Orc: D:9-12

Altars:
Ashenzari
Cheibriados
Dithmenos
Gozag
Hepliaklqana
Makhleb
Nemelex Xobeh
Okawaru
Sif Muna
Uskayaw
Vehumet
Wu Jian
Xom
Yredelemnul
Zin
The Shining One

Shops:
D:1 [[   D:2 (   D:5 ?

Annotations:
D:4 1 runed translucent door, Crazy Yiuf
D:6 2 runed translucent doors, qw's ghost, novice GrFi
D:11 3 runed translucent doors, qw's ghost, journeyman MiBe Gauntlet 11 transporters, 2 runed translucent doors


Message History

You slash the jelly!
Your hands burn!
The jelly is severely wounded.
The jelly barely misses you.
You slash the jelly!
You kill the jelly!
Okawaru accepts your kill.
A jelly is nearby!
An enormous slime creature splits.
You hit the large slime creature.
The large slime creature is lightly wounded.
You slash the large slime creature!
The large slime creature is lightly wounded.
The large slime creature hits you!!
Two slime creatures merge to form an enormous slime creature.
You slash the enormous slime creature!
The enormous slime creature is lightly wounded.
You slash the enormous slime creature!
The enormous slime creature is lightly wounded.
You slash the enormous slime creature!
The enormous slime creature is moderately wounded.
An enormous slime creature splits.
You slash the large slime creature!
The large slime creature is moderately wounded.
You completely miss the large slime creature.
The large slime creature hits you!!
You slash the large slime creature!
The large slime creature is heavily wounded.
You slash the large slime creature!
A large slime creature splits.
The large slime creature hits you.
You slash the slime creature!
The slime creature is heavily wounded.
You slash the large slime creature! You hit the slime creature.
The slime creature hits you but does no damage.
You slash the slime creature!
The slime creature is almost dead.
You hit the slime creature. You slash the large slime creature!
The large slime creature hits you!
The slime creature hits you but does no damage.
The slime creature hits you!
You die...

##~.#...^.#.#.~##
#~~.#########.~~#
##~.#8..^#....~##
##.#^...#.8..##
##~.#8..^#....~##
#~~.#########.~~#
##~.#.##....#.~##
##.#JJ##..##.##
##~.#.@J#.###.~##
#~~.#^##J##.#.~~#
##~.###.#...#.~## ##
##.##..##..#.##
##~###..#..!^##.#.~##
#~~~#...#########.~~#
#...#...#8..^#....~##
#...#.8.#^...#.8..##
#.8.#.}.#8..^#....~##


You could see a large slime creature, 2 slime creatures and a jelly.

Vanquished Creatures
  Pikel (D:6)
  A komodo dragon (D:11)
  A troll (D:11)
  Prince Ribbit (D:6)
  A raiju (Gauntlet)
  Sigmund (D:4)
  A wyvern (D:8)
  4 yaks (D:11)
  A steam dragon (Gauntlet)
  2 vampire mosquitoes (D:11)
  Menkaure (D:6)
  2 water moccasins
  Duvessa (D:6)
  2 sky beasts (D:7)
  2 ice beasts
  An orc warrior (D:7)
  A black bear (D:5)
  2 centaurs
  2 ogres
  2 phantoms
  3 kobold brigands
  4 lemures (D:6)
  Blork the orc (D:6)
  4 bullfrogs
  2 scorpions
  2 necrophages
  8 wights
  Dowan (D:6)
  5 killer bees (D:8)
  4 orc priests
  3 hounds
  A jelly (Gauntlet)
  Terence (D:3)
  A gnoll bouda (D:7)
  3 iguanas
  2 orc wizards
  Natasha (thrice) (D:4)
  4 gnolls (D:7)
  4 adders
  2 white imps
  An ufetubus (D:5)
  5 dart slugs
  31 orcs
  7 bats
  4 endoplasms
  7 goblins
  5 hobgoblins
  8 jackals
  19 kobolds
  4 quokkas
  7 ball pythons
  8 frilled lizards
  7 rats
  A spectral orc (D:8)
202 creatures vanquished.

Vanquished Creatures (others)
  A plant (D:2)
1 creature vanquished.

Grand Total: 203 creatures vanquished

Notes
Turn   | Place    | Note
-------+----------+-------------------------------------------
     0 | D:1      | qw the Gargoyle Fighter began the quest for the Orb.
     0 | D:1      | Reached XP level 1. HP: 14/14 MP: 1/1
     0 | D:1      | 0 ||| qw: Version: 0.1-a-113-g051387a
     0 | D:1      | 0 ||| qw: Game counter: 7400
     0 | D:1      | 0 ||| qw: Always use a shield: true
     0 | D:1      | 0 ||| qw: God list: Okawaru
     0 | D:1      | 0 ||| qw: Allow faded altars: false
     0 | D:1      | 0 ||| qw: Do Orc after D:15 true
     0 | D:1      | 0 ||| qw: Do second Lair branch before Depths: true
     0 | D:1      | 0 ||| qw: Lair rune preference: random
     0 | D:1      | 0 ||| qw: Plans: Normal, Zot, God:TSO, Crypt, Tomb, Zig,
                  | Orb
     0 | D:1      | 0 ||| PLANNING D:1-11
    40 | D:1      | Reached skill level 2 in Axes
    86 | D:1      | 86 ||| Stepping ~*~*~tactically~*~*~ (hiding).
    98 | D:1      | Reached XP level 2. HP: 19/19 MP: 2/2
   105 | D:1      | Found Deirghafa's Armour Shop.
   110 | D:1      | 110 ||| SHOPLISTING +0 helmet (54 gold, have 0).
   110 | D:1      | 110 ||| SHOPLISTING +2 fire dragon scales (864 gold, have
                  | 0).
   255 | D:1      | 255 ||| Stepping ~*~*~tactically~*~*~ (stealth).
   257 | D:1      | 257 ||| Stepping ~*~*~tactically~*~*~ (stealth).
   284 | D:1      | 284 ||| Stepping ~*~*~tactically~*~*~ (stealth).
   289 | D:1      | Reached skill level 3 in Axes
   390 | D:1      | Reached XP level 3. HP: 23/23 MP: 3/3
   556 | D:1      | Found a faded altar of an unknown god.
   583 | D:1      | Found Ceweaqept's Armour Shoppe.
   590 | D:1      | 590 ||| SHOPLISTING +0 pair of gloves of Too Many Cooks
                  | {Will+ Dex+4} (280 gold, have 17).
   590 | D:1      | 590 ||| SHOPLISTING +2 helmet of see invisible (236 gold,
                  | have 17).
   590 | D:1      | 590 ||| SHOPLISTING +2 pair of gloves (181 gold, have 17).
   766 | D:1      | 766 ||| READING scroll labelled DULLY DYSENUSK.
   767 | D:1      | 767 ||| READING scroll labelled PIYHECK LOIJ.
   768 | D:1      | 768 ||| READING scroll labelled QOOKLAMM NUXTU.
   771 | D:1      | 771 ||| READING scroll labelled JUCLEE CIFI.
   785 | D:2      | 785 ||| STAIRDANCE
   794 | D:2      | 794 ||| STAIRDANCE
   988 | D:2      | Found Sukufor's Antique Weapon Boutique.
   996 | D:2      | 996 ||| SHOPLISTING runed mace (180 gold, have 23).
  1019 | D:2      | 1019 ||| Stepping ~*~*~tactically~*~*~ (stealth).
  1213 | D:2      | 1213 ||| READING scroll of enchant weapon.
  1213 | D:2      | 1213 ||| ENCHANTING +1 war axe.
  1511 | D:2      | 1511 ||| Stepping ~*~*~tactically~*~*~ (stealth).
  1673 | D:2      | 1673 ||| UPGRADING to +0 chain mail.
  1683 | D:2      | 1683 ||| DROPPING +0 scale mail.
  1684 | D:2      | 1684 ||| UPGRADING to ring of protection from cold.
  1685 | D:2      | 1685 ||| READING scroll labelled IZXISUL FISK.
  1686 | D:2      | 1686 ||| DRINKING 2 inky potions.
  1704 | D:3      | Noticed Terence
  1714 | D:3      | Killed Terence
  1715 | D:3      | Reached skill level 4 in Axes
  1715 | D:3      | Reached XP level 4. HP: 14/28 MP: 4/4
  1715 | D:3      | 1715 ||| STAIRDANCE
  1909 | D:3      | 1909 ||| Stepping ~*~*~tactically~*~*~ (stealth).
  2339 | D:3      | 2339 ||| READING scroll of enchant weapon.
  2339 | D:3      | 2339 ||| ENCHANTING +2 war axe.
  2378 | D:3      | 2378 ||| DROPPING +0 club.
  2595 | D:3      | Reached skill level 1 in Throwing
  2722 | D:3      | 2722 ||| READING 3 scrolls of identify.
  2722 | D:3      | 2722 ||| IDENTIFYING red potion
  2723 | D:3      | 2723 ||| READING 2 scrolls of identify.
  2723 | D:3      | 2723 ||| IDENTIFYING sapphire potion
  2734 | D:4      | Noticed a necrophage
  2735 | D:4      | 2735 ||| STAIRDANCE
  2740 | D:3      | Killed a necrophage
  2741 | D:3      | Reached XP level 5. HP: 27/32 MP: 5/5
  2785 | D:4      | 2785 ||| STAIRDANCE
  2804 | D:4      | 2804 ||| STAIRDANCE
  2876 | D:4      | 2876 ||| Stepping ~*~*~tactically~*~*~ (hiding).
  2877 | D:4      | 2877 ||| Stepping ~*~*~tactically~*~*~ (hiding).
  2915 | D:4      | 2915 ||| DROPPING +0 whip.
  2925 | D:4      | Reached skill level 5 in Axes
  2925 | D:4      | Reached XP level 6. HP: 32/37 MP: 6/6
  3028 | D:4      | Found a runed translucent door.
  3029 | D:4      | Noticed Crazy Yiuf
  3176 | D:4      | Noticed Sigmund
  3181 | D:4      | Killed Sigmund
  3187 | D:4      | 3187 ||| READING scroll of enchant weapon.
  3187 | D:4      | 3187 ||| ENCHANTING +3 war axe.
  3239 | D:4      | 3239 ||| Stepping ~*~*~tactically~*~*~ (hiding).
  3263 | D:4      | 3263 ||| Stepping ~*~*~tactically~*~*~ (stealth).
  3308 | D:4      | Reached XP level 7. HP: 44/44 MP: 7/7
  3331 | D:4      | Noticed Natasha
  3335 | D:4      | Killed Natasha
  3407 | D:4      | Reached skill level 6 in Axes
  3485 | D:4      | Reached skill level 1 in Dodging
  3678 | D:4      | 3678 ||| Stepping ~*~*~tactically~*~*~ (hiding).
  3738 | D:4      | Noticed Natasha
  3739 | D:4      | 3739 ||| Stepping ~*~*~tactically~*~*~ (stealth).
  3743 | D:4      | Killed Natasha
  3772 | D:4      | Noticed Natasha
  3773 | D:4      | 3773 ||| Stepping ~*~*~tactically~*~*~ (hiding).
  3774 | D:4      | 3774 ||| Stepping ~*~*~tactically~*~*~ (hiding).
  3780 | D:4      | Killed Natasha
  3912 | D:4      | 3912 ||| UPGRADING to +4 ring of protection.
  3913 | D:4      | 3913 ||| READING 2 scrolls of identify.
  3913 | D:4      | 3913 ||| IDENTIFYING purple potion
  3972 | D:5      | Entered Level 5 of the Dungeon
  4044 | D:5      | 4044 ||| Stepping ~*~*~tactically~*~*~ (hiding).
  4045 | D:5      | 4045 ||| Stepping ~*~*~tactically~*~*~ (hiding).
  4058 | D:5      | 4058 ||| FLEEEEING.
  4059 | D:5      | 4059 ||| FLEEEEING.
  4060 | D:5      | 4060 ||| FLEEEEING.
  4061 | D:5      | 4061 ||| FLEEEEING.
  4062 | D:5      | 4062 ||| FLEEEEING.
  4063 | D:5      | 4063 ||| FLEEEEING.
  4064 | D:5      | 4064 ||| FLEEEEING.
  4065 | D:5      | 4065 ||| FLEEEEING.
  4066 | D:5      | 4066 ||| FLEEEEING.
  4067 | D:5      | 4067 ||| FLEEEEING.
  4068 | D:5      | 4068 ||| FLEEEEING.
  4070 | D:5      | 4070 ||| FLEEEEING.
  4071 | D:5      | 4071 ||| FLEEEEING.
  4072 | D:5      | 4072 ||| FLEEEEING.
  4073 | D:5      | 4073 ||| FLEEEEING.
  4075 | D:5      | 4075 ||| FLEEEEING.
  4076 | D:5      | 4076 ||| FLEEEEING.
  4077 | D:5      | 4077 ||| FLEEEEING.
  4078 | D:5      | 4078 ||| FLEEEEING.
  4079 | D:5      | 4079 ||| FLEEEEING.
  4080 | D:5      | 4080 ||| FLEEEEING.
  4081 | D:5      | 4081 ||| FLEEEEING.
  4082 | D:5      | 4082 ||| FLEEEEING.
  4083 | D:5      | 4083 ||| FLEEEEING.
  4084 | D:5      | 4084 ||| FLEEEEING.
  4085 | D:5      | 4085 ||| FLEEEEING.
  4086 | D:5      | 4086 ||| FLEEEEING.
  4087 | D:5      | 4087 ||| FLEEEEING.
  4088 | D:5      | 4088 ||| FLEEEEING.
  4089 | D:5      | 4089 ||| FLEEEEING.
  4090 | D:5      | 4090 ||| FLEEEEING.
  4091 | D:5      | 4091 ||| FLEEEEING.
  4092 | D:5      | 4092 ||| FLEEEEING.
  4093 | D:5      | 4093 ||| FLEEEEING.
  4094 | D:5      | 4094 ||| FLEEEEING.
  4095 | D:5      | 4095 ||| FLEEEEING.
  4096 | D:5      | 4096 ||| FLEEEEING.
  4098 | D:5      | 4098 ||| FLEEEEING.
  4099 | D:5      | 4099 ||| FLEEEEING.
  4100 | D:5      | 4100 ||| FLEEEEING.
  4101 | D:5      | 4101 ||| STAIRDANCE
  4188 | D:4      | 4188 ||| READING scroll labelled RIRPHE OTYSAMUA.
  4443 | D:5      | 4443 ||| Stepping ~*~*~tactically~*~*~ (stealth).
  4444 | D:5      | 4444 ||| Stepping ~*~*~tactically~*~*~ (stealth).
  4501 | D:5      | Found Hiocaa's Magic Scroll Shop.
  4510 | D:5      | 4510 ||| SHOPLISTING scroll of acquirement (676 gold, have
                  | 226).
  4510 | D:5      | 4510 ||| BUYING scroll of enchant weapon (97 gold).
  4510 | D:5      | Bought a scroll of enchant weapon for 97 gold pieces
  4510 | D:5      | 4510 ||| BUYING scroll of identify (26 gold).
  4510 | D:5      | Bought a scroll of identify for 26 gold pieces
  4510 | D:5      | 4510 ||| BUYING scroll of teleportation (39 gold).
  4510 | D:5      | Bought a scroll of teleportation for 39 gold pieces
  4510 | D:5      | 4510 ||| READING scroll of enchant weapon.
  4510 | D:5      | 4510 ||| ENCHANTING +4 war axe.
  4625 | D:5      | Reached skill level 7 in Axes
  4783 | D:5      | 4783 ||| Stepping ~*~*~tactically~*~*~ (stealth).
  4790 | D:5      | Reached XP level 8. HP: 49/49 MP: 8/8
  5088 | D:5      | 5088 ||| DRINKING 2 clear potions.
  5193 | D:5      | 5193 ||| READING 2 scrolls of identify.
  5193 | D:5      | 5193 ||| IDENTIFYING puce potion
  5194 | D:5      | 5194 ||| DROPPING potion of berserk rage.
  5364 | D:6      | Noticed Prince Ribbit
  5375 | D:6      | HP: 8/49 [Prince Ribbit (14)]
  5375 | D:6      | HP: 1/49 [Prince Ribbit (7)]
  5376 | D:6      | 5376 ||| READING 3 scrolls of teleportation.
  5377 | D:6      | 5377 ||| DRINKING potion of heal wounds.
  5380 | D:6      | Noticed Duvessa
  5383 | D:6      | Noticed Dowan
  5384 | D:6      | 5384 ||| Stepping ~*~*~tactically~*~*~ (hiding).
  5387 | D:6      | Killed Duvessa
  5388 | D:6      | Reached skill level 8 in Axes
  5393 | D:6      | Killed Dowan
  5586 | D:6      | Noticed Pikel
  5591 | D:6      | Noticed Menkaure
  5600 | D:6      | Killed Pikel
  5600 | D:6      | HP: 12/49 [Menkaure (2)]
  5601 | D:6      | Reached skill level 6 in Fighting
  5601 | D:6      | 5601 ||| READING 2 scrolls of teleportation.
  5603 | D:6      | Killed Menkaure
  5604 | D:6      | Reached XP level 9. HP: 15/56 MP: 9/9
  5627 | D:6      | 5627 ||| Stepping ~*~*~tactically~*~*~ (stealth).
  5644 | D:6      | Killed Prince Ribbit
  5645 | D:6      | Reached skill level 9 in Axes
  5889 | D:6      | Noticed Blork the orc
  5911 | D:6      | Killed Blork the orc
  5993 | D:6      | Found a burning altar of Makhleb.
  6149 | D:6      | Found a runed translucent door.
  6151 | D:6      | Noticed qw's ghost (novice GrFi)
  6173 | D:6      | Found a runed translucent door.
  6631 | D:6      | 6631 ||| READING scroll labelled DUAMAAKINA.
  6632 | D:6      | 6632 ||| READING 2 scrolls of identify.
  6632 | D:6      | 6632 ||| IDENTIFYING bubbling pink potion
  6675 | D:7      | 6675 ||| STAIRDANCE
  6722 | D:7      | 6722 ||| STAIRDANCE
  6960 | D:7      | 6960 ||| Stepping ~*~*~tactically~*~*~ (stealth).
  6962 | D:7      | 6962 ||| Stepping ~*~*~tactically~*~*~ (stealth).
  7303 | D:7      | 7303 ||| Stepping ~*~*~tactically~*~*~ (hiding).
  7403 | D:7      | Found a staircase to the Ecumenical Temple.
  7404 | D:7      | 7404 ||| PLANNING TEMPLE
  7404 | D:7      | 7404 ||| READING 2 scrolls of identify.
  7404 | D:7      | 7404 ||| IDENTIFYING fizzy yellow potion
  7405 | D:7      | 7405 ||| DROPPING potion of degeneration.
  7414 | Temple   | Entered the Ecumenical Temple
  7414 | Temple   | Found a transporter.
  7414 | Temple   | Found a transporter.
  7416 | Temple   | Found a transporter.
  7416 | Temple   | Found a transporter.
  7426 | Temple   | 7426 ||| PLANNING D:1-11
  7426 | Temple   | 7426 ||| READING scroll labelled QAENEV DIROA.
  7491 | Temple   | Became a worshipper of Warmaster Okawaru
  7536 | D:7      | 7536 ||| READING scroll of enchant weapon.
  7536 | D:7      | 7536 ||| ENCHANTING +5 war axe.
  7638 | D:7      | Reached skill level 10 in Axes
  7643 | D:7      | HP: 14/57 [wight/+1 halberd of freezing (1)]
  7644 | D:7      | 7644 ||| READING scroll of teleportation.
  7645 | D:7      | 7645 ||| DRINKING potion of heal wounds.
  7897 | D:7      | 7897 ||| READING scroll labelled ZAUTHIE MIASH.
  7976 | D:8      | Reached XP level 10. HP: 51/64 MP: 10/10
  8091 | D:8      | Reached * piety under Okawaru
  8139 | D:8      | Reached skill level 1 in Invocations
  8199 | D:8      | Found a radiant altar of Vehumet.
  8587 | D:8      | 8587 ||| Stepping ~*~*~tactically~*~*~ (hiding).
  8588 | D:8      | 8588 ||| Stepping ~*~*~tactically~*~*~ (hiding).
  8589 | D:8      | 8589 ||| Stepping ~*~*~tactically~*~*~ (hiding).
  8717 | D:8      | Found a hazy altar of Hepliaklqana.
  8749 | D:8      | 8749 ||| INVOKING Heroism.
  8779 | D:8      | 8779 ||| Stepping ~*~*~tactically~*~*~ (stealth).
  8792 | D:8      | 8792 ||| Stepping ~*~*~tactically~*~*~ (stealth).
  8803 | D:8      | 8803 ||| INVOKING Heroism.
  8901 | D:8      | Reached skill level 3 in Invocations
  8950 | D:8      | 8950 ||| UPGRADING to +0 pair of gloves.
  8955 | D:8      | 8955 ||| READING scroll labelled ROSUIDW WOEMMU.
  8956 | D:8      | 8956 ||| READING 3 scrolls of identify.
  8956 | D:8      | 8956 ||| IDENTIFYING glowing brown potion
  8957 | D:8      | 8957 ||| READING 2 scrolls of identify.
  8957 | D:8      | 8957 ||| IDENTIFYING bubbling purple potion
  8958 | D:8      | 8958 ||| DROPPING potion of invisibility.
  8959 | D:8      | 8959 ||| DROPPING potion of brilliance.
  8988 | D:9      | You fall into a shaft and drop 2 floors!
  8989 | D:11     | 8989 ||| PLANNING GAUNTLET
  8996 | D:11     | 8996 ||| Stepping ~*~*~tactically~*~*~ (stealth).
  8997 | D:11     | 8997 ||| Stepping ~*~*~tactically~*~*~ (stealth).
  9145 | D:11     | 9145 ||| Stepping ~*~*~tactically~*~*~ (stealth).
  9156 | D:11     | 9156 ||| INVOKING Heroism.
  9169 | D:11     | Reached ** piety under Okawaru
  9170 | D:11     | Reached skill level 11 in Axes
  9261 | D:11     | 9261 ||| Stepping ~*~*~tactically~*~*~ (hiding).
  9266 | D:11     | 9266 ||| INVOKING Heroism.
  9331 | D:11     | 9331 ||| Stepping ~*~*~tactically~*~*~ (stealth).
  9349 | D:11     | Found a runed translucent gate.
  9349 | D:11     | Found a runed translucent gate.
  9350 | D:11     | Found a runed translucent gate.
  9373 | D:11     | Noticed qw's ghost (journeyman MiBe)
  9397 | D:11     | Found a gate leading to a gauntlet.
  9406 | Gauntlet | Entered a Gauntlet
  9406 | Gauntlet | Found a transporter.
  9416 | Gauntlet | Found a transporter.
  9419 | Gauntlet | Found a transporter.
  9420 | Gauntlet | Found a transporter.
  9420 | Gauntlet | Found the amulet of Vitality {RegenMP++ Regen++}
  9428 | Gauntlet | Found a transporter.
  9431 | Gauntlet | Found a transporter.
  9432 | Gauntlet | Found a transporter.
  9440 | Gauntlet | Found a transporter.
  9443 | Gauntlet | Found a transporter.
  9444 | Gauntlet | Found a transporter.
  9452 | Gauntlet | Found a transporter.
  9455 | Gauntlet | Found a transporter.
  9456 | Gauntlet | Found a transporter.
  9458 | Gauntlet | Noticed a fire crab
  9460 | Gauntlet | Found a runed translucent door.
  9462 | Gauntlet | Found a runed translucent door.
  9462 | Gauntlet | Noticed a steelbarb worm
  9463 | Gauntlet | Noticed an elephant
  9463 | Gauntlet | a steelbarb worm changed into an elephant
  9464 | Gauntlet | Found a transporter.
  9468 | Gauntlet | Noticed a faun
  9468 | Gauntlet | an elephant changed into a faun
  9472 | Gauntlet | Noticed a death drake
  9472 | Gauntlet | a faun changed into a death drake
  9473 | Gauntlet | Noticed a salamander
  9473 | Gauntlet | a death drake changed into a salamander
  9475 | Gauntlet | Noticed an elephant
  9475 | Gauntlet | a salamander changed into an elephant
  9478 | Gauntlet | Noticed a shock serpent
  9478 | Gauntlet | an elephant changed into a shock serpent
  9481 | Gauntlet | Noticed a cane toad
  9481 | Gauntlet | Noticed a deep troll
  9481 | Gauntlet | a shock serpent changed into a deep troll
  9490 | Gauntlet | Noticed a harpy
  9490 | Gauntlet | a fire crab changed into a harpy
  9490 | Gauntlet | Noticed a guardian serpent
  9490 | Gauntlet | a cane toad changed into a guardian serpent
  9495 | Gauntlet | Noticed a water nymph
  9495 | Gauntlet | a deep troll changed into a water nymph
  9551 | Gauntlet | 9551 ||| INVOKING Heroism.
  9565 | Gauntlet | Reached skill level 9 in Fighting
  9666 | Gauntlet | 9666 ||| UPGRADING to amulet of Vitality {RegenMP++
                  | Regen++}.
  9676 | Gauntlet | 9676 ||| Stepping randomly (stuck).
  9677 | Gauntlet | 9677 ||| INVOKING Heroism.
  9690 | Gauntlet | HP: 8/66 [large slime creature (14)]
  9690 | Gauntlet | Slain by a slime creature

Levels and vault maps discovered:
D:1:      dpeg_arrival_rooms_b, layout_rooms,
          shapermc_ecumenical_altar_flowoftime, serial_shops,
          nicolae_diamond_shop, nicolae_square_shop,
          chequers_serial_rivers_micro_b
D:2:      layout_basic, serial_shops, nicolae_shop_overgrown_old_shop
D:3:      layout_basic, uniq_terence
D:4:      layout_gridville, hangedman_decor_clover_reticule, uniq_natasha,
          uniq_crazy_yiuf_cottage, uniq_sigmund
D:5:      layout_basic, serial_shops, shop, st_stairs_10,
          hangedman_decor_riveting, grunt_decor_mini_mirrors, chequers_jeans,
          hangedman_decor_diamond_cutter
D:6:      layout_cave_pods, mainiacjoe_overflow_brackets, ebering_ghost_sewer_f,
          uniq_blork_the_orc, uniq_pikel, uniq_prince_ribbit1, uniq_duvessa,
          uniq_menkaure
D:7:      layout_basic, minmay_temple_entry_wispy
D:8:      layout_gridville, nicolae_hepliaklqana_monster_ancestors,
          vehumet_crystals, kennysheep_generic_room_8
D:9:      layout_basic, david_orc_2
D:11:     layout_loops_ring, dpeg_lair_monsters, gammafunk_ghost_icy,
          gauntlet_entry_generic, serial_shops, shop, uniq_snorg, uniq_nergalle
Temple:   hellmonk_temple_divided_pantheon
Gauntlet: gammafunk_gauntlet_77_escape_option
          [minmay_gauntlet_arena_77_squiggly, minmay_gauntlet_arena_77_fan,
          minmay_gauntlet_arena_77_broken_ladder, minmay_gauntlet_arena_77_mess,
          minmay_gauntlet_arena_77_cramped, dreamdust_gauntlet_exit_labyrinth]

Skill      XL: |  1  2  3  4  5  6  7  8  9 10 |
---------------+-------------------------------+-----
Axes           | 2 3 4 5 7 8 10 11 | 11.0
Throwing       | 1 2 |  2.1
Fighting       | 5 6 8 9 |  9.2
Dodging        | 1 |  1.7
Shields        | 4 5 |  5.1
Armour         | 4 5 |  5.0
Invocations    | 4 |  4.1

Action                   |  1- 3 |  4- 6 |  7- 9 | 10-12 || total
-------------------------+-------+-------+-------+-------++-------
Melee: War axe           |   135 |    72 |   192 |   129 ||   528
Throw: Javelin           |       |    21 |    14 |       ||    35
       Boomerang         |       |       |    39 |    32 ||    71
Invok: Heroism           |       |       |       |     6 ||     6
  Use: Scroll            |     6 |     4 |    13 |     3 ||    26
       Potion            |     1 |       |     3 |       ||     4
Armor: Scale mail        |    56 |       |       |       ||    56
       Chain mail        |     4 |    41 |   170 |    53 ||   268
Dodge: Dodged            |    66 |    32 |    75 |    36 ||   209
Block: Buckler           |    32 |     9 |    33 |    28 ||   102

Table legend:
 A = Non-vault XP
 B = Vault XP
 C = Vault XP percentage of total XP
 D = Non-vault monster count
 E = Vault monster count
 F = Vault count percentage of total count
                 A         B        C        D         E       F
            +---------+---------+-------+---------+---------+-------
      Total |    6364 |    2140 |  25.2 |     180 |      18 |   9.1
            +---------+---------+-------+---------+---------+-------
        D:1 |      40 |       0 |   0.0 |      26 |       0 |   0.0
        D:2 |      38 |       0 |   0.0 |      20 |       0 |   0.0
        D:3 |     113 |      38 |  25.2 |      17 |       1 |   5.6
        D:4 |     425 |     259 |  37.9 |      21 |       2 |   8.7
        D:5 |     410 |     100 |  19.6 |      14 |       2 |  12.5
        D:6 |     535 |    1095 |  67.2 |       9 |       6 |  40.0
        D:7 |    1363 |       0 |   0.0 |      21 |       0 |   0.0
        D:8 |    1315 |     152 |  10.4 |      31 |       4 |  11.4
       D:11 |    2125 |       0 |   0.0 |      21 |       0 |   0.0
   Gauntlet |       0 |     496 | 100.0 |       0 |       3 | 100.0
            +---------+---------+-------+---------+---------+-------
